 Dungeon Sprint DCSS version 0.27.1-33-g824d729ab1 (webtiles) character file.

Game seed: 10654633247566496348

5023 Adenis the Basher (level 10, -5/87 HPs)
             Began as a Gnoll Berserker on Dec 4, 2021.
             Was a High Priest of Trog.
             Slain by an unseen horror (12 damage)
             ... in the Dungeon (Sprint I: "Red Sonja").
             The game lasted 00:05:23 (3109 turns).

Adenis the Basher (Gnoll Berserker)                 Turns: 3109, Time: 00:05:24

Health: -5/87      AC: -1    Str: 19    XL:     10   Next: 55%
Magic:  23/23      EV: 16    Int:  7    God:    Trog [*****.]
Gold:   1087       SH:  0    Dex: 12    Spells: 27/27 levels left

rFire    . . .     SeeInvis .   n - +3 quarterstaff (flame)
rCold    . . .     Faith    .   (shield currently unavailable)
rNeg     . . .     Spirit   .   b - +0 animal skin
rPois    .         Reflect  .   (no helmet)
rElec    .         Harm     .   (no cloak)
rCorr    .         Rampage  .   (no gloves)
Will     .....     NoTele   +   (no boots)
Stlth    ++++......             (no amulet)
HPRegen  0.24/turn              (no ring)
MPRegen  0.18/turn              (no ring)

@: corroded, on berserk cooldown, slowed, very slow
A: fangs 1, strong nose, distributed training
a: Renounce Religion, Berserk, Trog's Hand, Brothers in Arms


You were in the Dungeon.
You worshipped Trog.
Trog was extremely pleased with you.
You visited 1 branch You collected 1087 gold pieces.

Inventory:

Hand Weapons
 a - a +0 mace
 i - a +1 broad axe of freezing
 n - a +3 quarterstaff of flaming (weapon)
Armour
 b - a +0 animal skin (worn)
Scrolls
 h - a scroll of blinking
 j - a scroll of magic mapping {unknown}
 k - a scroll of immolation {unknown}
 l - a scroll of identify {unknown}
 m - a scroll of torment {unknown}
Potions
 c - 3 potions of curing
 d - a potion of heal wounds
 e - a potion of haste
 f - 2 potions of magic
 g - a potion of berserk rage


   Skills:
 + Level 11.1 Fighting
 + Level 9.1 Short Blades
 + Level 9.1 Long Blades
 + Level 9.1 Axes
 + Level 11.1 Maces & Flails
 + Level 9.1 Polearms
 + Level 9.1 Staves
 + Level 9.1 Slings
 + Level 9.1 Bows
 + Level 9.1 Crossbows
 + Level 9.1 Throwing
 + Level 10.2 Armour
 + Level 10.2 Dodging
 + Level 9.1 Stealth
 + Level 9.1 Shields
 + Level 9.1 Unarmed Combat
 + Level 9.1 Spellcasting
 + Level 7.6 Conjurations
 + Level 7.6 Hexes
 + Level 7.6 Summonings
 + Level 7.6 Necromancy
 + Level 7.6 Translocations
 + Level 7.6 Transmutations
 + Level 7.6 Fire Magic
 + Level 7.6 Ice Magic
 + Level 7.6 Air Magic
 + Level 7.6 Earth Magic
 + Level 7.6 Poison Magic
 + Level 9.9 Invocations
 + Level 9.1 Evocations


You had 27 spell levels left.
You didn't know any spells.
Your spell library contained the following spells:

 Spells                   Type           Power      Damage    Failure   Level
 Airstrike                Air            6%         N/A       9%          4
 Summon Lightning Spire   Summ/Air       13%        N/A       9%          4
 Lightning Bolt           Conj/Air       6%         1d18      22%         5


Dungeon Overview and Level Annotations

Branches:
Dungeon (1/1)

Altars:
Cheibriados
Dithmenos
Elyvilon
Fedhas
Gozag
Hepliaklqana
Kikubaaqudgha
Makhleb
Nemelex Xobeh
Okawaru
Qazlal
Ru
Sif Muna
Trog
Uskayaw
Vehumet
Wu Jian
Xom
Yredelemnul
Zin
The Shining One
Jiyva
Lugonu

Shops:
D ==[


Innate Abilities, Weirdness & Mutations

You have very sharp teeth.
Your uncanny sense of smell can sniff out nearby items.
Your experience applies equally to all skills.


Message History

The necrophage misses you.
You hit something. You burn something. Something hits you but does no damage.
You closely miss something. Something closely misses you. Something hits you.
The jelly hits you but does no damage. The necrophage hits you.
You feel drained. The jelly hits you.
You are splashed with acid!
You closely miss something. Something barely misses you.
You closely miss something.
The jelly quivers.
Something closely misses you. The jelly hits you. The acid corrodes you!
You are splashed with acid!
The necrophage barely misses you. The jelly barely misses you.
You sock something! You burn something! Something hits you. Something hits you!
Something hits you. Something barely misses you. The necrophage misses you.
Something hits you!
You bludgeon something!! You burn something! Something hits you.
The jelly barely misses you. Something hits you.
* * * LOW HITPOINT WARNING * * *
You hit something. You burn something. Trog accepts your kill.
Reactivating autopickup.
You feel a bit more experienced. Something hits you!
* * * LOW HITPOINT WARNING * * *
Deactivating autopickup; reactivate with Ctrl-A.
The necrophage completely misses you. The jelly misses you.
Your life force feels restored.
Something hits you.
* * * LOW HITPOINT WARNING * * *
The necrophage barely misses you.
You feel a strong urge to attack something.
The jelly misses you. Something hits you.
* * * LOW HITPOINT WARNING * * *
You sock something! You burn something.
You are no longer berserk.
You are exhausted.
You feel yourself slow down. Something hits you!
* * * LOW HITPOINT WARNING * * *
The jelly jiggles.
The jelly misses you. Something hits you!
You die...

_###'#(#....###...#
####.####'###(###.#
..'..)'.....'.∩##.#
###...###########.#
∆∆ ###.###......§##†#
∆ ∆∆∆
#.#'#.#....§.§...#
∆∆∆
#.....#...######§#∆∆
∆∆∆
#.....#....JJ.{#§# ∆∆
#######....§§J#@§#∆∆∆
∆∆∆(.......n####∆
∆∆∆.......≈≈# ∆∆∆
.....≈≈≈## ∆∆
..≈≈≈≈## ∆ ######
∆∆∆∆∆


You could see 2 jellies.

Vanquished Creatures
  2 centaur warriors (D)
  Sonja (D)
  A deep troll (D)
  An oklob plant (D)
  An unseen horror (D)
  2 kobold demonologists (D)
  A hornet (D)
  A slime creature (D)
  2 redbacks (D)
  Sigmund (D)
  A yak (D)
  2 floating eyes (D)
  An ogre (D)
  5 jellies (D)
  Ijyb (D)
23 creatures vanquished.

Vanquished Creatures (others)
  A gargoyle (D)
  2 ballistomycete spores (D)
3 creatures vanquished.

Grand Total: 26 creatures vanquished

Notes
Turn   | Place    | Note
-------+----------+-------------------------------------------
     0 | D        | Adenis the Gnoll Berserker began the quest for the Orb.
     0 | D        | Reached XP level 1. HP: 23/23 MP: 1/1
     2 | D        | Noticed Ijyb
     8 | D        | Killed Ijyb
     9 | D        | Reached skill level 1 in Short Blades
     9 | D        | Reached skill level 1 in Long Blades
     9 | D        | Reached skill level 1 in Axes
     9 | D        | Reached skill level 1 in Polearms
     9 | D        | Reached skill level 1 in Staves
     9 | D        | Reached skill level 1 in Slings
     9 | D        | Reached skill level 1 in Bows
     9 | D        | Reached skill level 1 in Crossbows
     9 | D        | Reached skill level 1 in Throwing
     9 | D        | Reached skill level 1 in Stealth
     9 | D        | Reached skill level 1 in Shields
     9 | D        | Reached skill level 1 in Unarmed Combat
     9 | D        | Reached skill level 1 in Spellcasting
     9 | D        | Reached skill level 1 in Conjurations
     9 | D        | Reached skill level 1 in Hexes
     9 | D        | Reached skill level 1 in Summonings
     9 | D        | Reached skill level 1 in Necromancy
     9 | D        | Reached skill level 1 in Translocations
     9 | D        | Reached skill level 1 in Transmutations
     9 | D        | Reached skill level 1 in Fire Magic
     9 | D        | Reached skill level 1 in Ice Magic
     9 | D        | Reached skill level 1 in Air Magic
     9 | D        | Reached skill level 1 in Earth Magic
     9 | D        | Reached skill level 1 in Poison Magic
     9 | D        | Reached skill level 1 in Evocations
     9 | D        | Reached XP level 2. HP: 29/29 MP: 1/4
     9 | D        | Reached XP level 3. HP: 35/35 MP: 1/5
   146 | D        | Noticed an ogre
   151 | D        | Killed an ogre
   152 | D        | Reached skill level 5 in Armour
   152 | D        | Reached skill level 5 in Dodging
   152 | D        | Reached XP level 4. HP: 43/43 MP: 5/8
   208 | D        | Noticed Sigmund
   215 | D        | Killed Sigmund
   215 | D        | Reached ** piety under Trog
   216 | D        | Reached XP level 5. HP: 49/49 MP: 8/11
   216 | D        | Reached XP level 6. HP: 56/56 MP: 8/12
   375 | D        | Found an ornate altar of the Wu Jian Council.
   375 | D        | Found a shimmering blue altar of Sif Muna.
   377 | D        | Found a radiant altar of Vehumet.
   522 | D        | Found Ciqit's Jewellery Emporium.
   522 | D        | Found an ancient bone altar of Kikubaaqudgha.
   522 | D        | Found a hazy altar of Hepliaklqana.
   522 | D        | Found a stormy altar of Qazlal.
   522 | D        | Found a hide-covered altar of Uskayaw.
   522 | D        | Found a blossoming altar of Fedhas.
   522 | D        | Found a bloodstained altar of Trog.
   522 | D        | Found an iron altar of Okawaru.
   522 | D        | Found a basalt altar of Yredelemnul.
   522 | D        | Found a glowing golden altar of the Shining One.
   522 | D        | Found a snail-covered altar of Cheibriados.
   522 | D        | Found a sacrificial altar of Ru.
   522 | D        | Found a glowing silver altar of Zin.
   522 | D        | Found a shadowy altar of Dithmenos.
   522 | D        | Found a white marble altar of Elyvilon.
   522 | D        | Noticed a yak
   523 | D        | Found an opulent altar of Gozag.
   527 | D        | Killed a yak
   528 | D        | Reached skill level 5 in Short Blades
   528 | D        | Reached skill level 5 in Long Blades
   528 | D        | Reached skill level 5 in Axes
   528 | D        | Reached skill level 5 in Polearms
   528 | D        | Reached skill level 5 in Staves
   528 | D        | Reached skill level 5 in Slings
   528 | D        | Reached skill level 5 in Bows
   528 | D        | Reached skill level 5 in Crossbows
   528 | D        | Reached skill level 5 in Throwing
   528 | D        | Reached skill level 5 in Stealth
   528 | D        | Reached skill level 5 in Shields
   528 | D        | Reached skill level 5 in Unarmed Combat
   528 | D        | Reached skill level 5 in Spellcasting
   528 | D        | Reached skill level 5 in Invocations
   528 | D        | Reached skill level 5 in Evocations
   528 | D        | Found a sparkling altar of Nemelex Xobeh.
   686 | D        | Found a burning altar of Makhleb.
   686 | D        | Found a viscous altar of Jiyva.
   686 | D        | Found a shimmering altar of Xom.
   686 | D        | Found a corrupted altar of Lugonu.
   686 | D        | Noticed a slime creature
   692 | D        | Killed a slime creature
   692 | D        | Reached *** piety under Trog
   693 | D        | Reached XP level 7. HP: 63/63 MP: 13/15
   875 | D        | Noticed a kobold demonologist
   875 | D        | Noticed a kobold demonologist
   876 | D        | Paralysed by a floating eye for 3 turns
   886 | D        | Noticed a rust devil
   886 | D        | Killed a kobold demonologist
   887 | D        | Reached skill level 5 in Conjurations
   887 | D        | Reached skill level 5 in Hexes
   887 | D        | Reached skill level 5 in Summonings
   887 | D        | Reached skill level 5 in Necromancy
   887 | D        | Reached skill level 5 in Translocations
   887 | D        | Reached skill level 5 in Transmutations
   887 | D        | Reached skill level 5 in Fire Magic
   887 | D        | Reached skill level 5 in Ice Magic
   887 | D        | Reached skill level 5 in Air Magic
   887 | D        | Reached skill level 5 in Earth Magic
   887 | D        | Reached skill level 5 in Poison Magic
   887 | D        | Reached XP level 8. HP: 48/71 MP: 15/17
   887 | D        | Killed a kobold demonologist
   887 | D        | Reached **** piety under Trog
  1263 | D        | Noticed a centaur warrior
  1264 | D        | Noticed a centaur warrior
  1279 | D        | Noticed a deep troll
  1286 | D        | Killed a deep troll
  1287 | D        | Reached XP level 9. HP: 30/78 MP: 17/19
  1634 | D        | Found Jugh's Armour Emporium.
  1648 | D        | Noticed Sonja
  1655 | D        | Killed Sonja
  1656 | D        | Reached skill level 10 in Fighting
  1656 | D        | Reached skill level 10 in Maces & Flails
  1976 | D        | Found Asaehiupn's Jewellery Boutique.
  2053 | D        | Killed a centaur warrior
  2055 | D        | Killed a centaur warrior
  2056 | D        | Reached XP level 10. HP: 55/86 MP: 20/22
  2355 | D        | Paralysed by a hornet for 2 turns
  2359 | D        | Reached ***** piety under Trog
  2557 | D        | Killed a gargoyle
  2928 | D        | Noticed an oklob plant
  2933 | D        | Killed an oklob plant
  2993 | D        | Reached skill level 10 in Armour
  2993 | D        | Reached skill level 10 in Dodging
  2994 | D        | Received a gift from Trog
  3105 | D        | Killed an unseen horror
  3109 | D        | Slain by an unseen horror

Illustrated notes

Levels and vault maps discovered:
D:        dungeon_sprint_1 [red_sonja_temple_1, red_sonja_temple_small_1]

Skill      XL: |  1  2  3  4  5  6  7  8  9 10 |
---------------+-------------------------------+-----
Short Blades   | 1 3 4 5 6 7 8 9 |  9.1
Long Blades    | 1 3 4 5 6 7 8 9 |  9.1
Axes           | 1 3 4 5 6 7 8 9 |  9.1
Polearms       | 1 3 4 5 6 7 8 9 |  9.1
Staves         | 1 3 4 5 6 7 8 9 |  9.1
Slings         | 1 3 4 5 6 7 8 9 |  9.1
Bows           | 1 3 4 5 6 7 8 9 |  9.1
Crossbows      | 1 3 4 5 6 7 8 9 |  9.1
Throwing       | 1 3 4 5 6 7 8 9 |  9.1
Stealth        | 1 3 4 5 6 7 8 9 |  9.1
Shields        | 1 3 4 5 6 7 8 9 |  9.1
Unarmed Combat | 1 3 4 5 6 7 8 9 |  9.1
Spellcasting   | 1 3 4 5 6 7 8 9 |  9.1
Conjurations   | 1 2 3 4 5 7 |  7.6
Hexes          | 1 2 3 4 5 7 |  7.6
Summonings     | 1 2 3 4 5 7 |  7.6
Necromancy     | 1 2 3 4 5 7 |  7.6
Translocations | 1 2 3 4 5 7 |  7.6
Transmutations | 1 2 3 4 5 7 |  7.6
Fire Magic     | 1 2 3 4 5 7 |  7.6
Ice Magic      | 1 2 3 4 5 7 |  7.6
Air Magic      | 1 2 3 4 5 7 |  7.6
Earth Magic    | 1 2 3 4 5 7 |  7.6
Poison Magic   | 1 2 3 4 5 7 |  7.6
Invocations    | 2 3 4 6 7 9 |  9.9
Evocations     | 1 3 4 5 6 7 8 9 |  9.1
Fighting       | 7 8 9 10 11 | 11.1
Maces & Flails | 7 8 9 10 11 | 11.1
Armour         | 5 6 7 8 9 10 | 10.2
Dodging        | 5 6 7 8 9 10 | 10.2

Action                   |  1- 3 |  4- 6 |  7- 9 | 10-12 || total
-------------------------+-------+-------+-------+-------++-------
Melee: Mace              |     7 |     6 |       |       ||    13
       Bite              |     1 |     3 |     4 |     5 ||    13
       Broad axe         |       |     8 |    25 |    14 ||    47
       Punch             |       |       |     2 |       ||     2
       Quarterstaff      |       |       |       |    17 ||    17
Invok: Berserk           |     2 |     3 |     4 |     5 ||    14
 Stab: Sleeping          |       |       |       |     2 ||     2
Armor: Animal skin       |       |       |     4 |     5 ||     9
Dodge: Dodged            |     3 |     6 |    36 |    29 ||    74
